Map: Ascension to Aiur LE

Players

ShoWTimE

  • Race: Protoss Protoss
  • League: Grandmaster
  • Spawn Location: 11:00

AxImpact (Impact) - Winner!

  • Race: Zerg Zerg
  • League: Diamond
  • Spawn Location: 5:00

Event: HomeStory Cup XVI

VOD

Have the link to the VOD?

Description

Time

  • Played on: Nov. 10, 2017, 7:32 a.m.
  • Length: 19:38

All games in this series

Show
View Real Time Build Order
Export as new Build Order

ShoWTimE Protoss 

Build Orders: Nexus First, Archon Immortal, Zealot Archon, Archon Drop, Dark Templar Rush 

Get SALT Encoding   

  1  0:00  Probe (Chrono Boost)  
  12  0:04  Probe (Chrono Boost)  
  14  0:17  Pylon  
  14  0:23  Probe (Chrono Boost)  
  16  0:37  Probe (Chrono Boost)  
  16  0:49  Probe (Chrono Boost)  
  17  0:58  Nexus  
  17  1:07  Gateway  
  18  1:12  Probe (Chrono Boost)  
  18  1:16  Assimilator  
  18  1:18  Probe (Chrono Boost)  
  18  1:24  Assimilator  
  19  1:27  Probe (Chrono Boost)  
  20  1:39  Gateway  
  21  1:41  Probe (Chrono Boost)  
  21  1:53  Probe (Chrono Boost)  
  22  1:55  Cybernetics Core  
  22  2:04  Pylon  
  22  2:06  Probe (Chrono Boost)  
  23  2:12  Probe (Chrono Boost)  
  24  2:18  Probe (Chrono Boost)  
  24  2:20  Adept  
  24  2:21  Adept  
  25  2:25  Probe (Chrono Boost)  
  27  2:30  Probe (Chrono Boost)  
  27  2:34  Warp Gate  
  32  2:37  Probe (Chrono Boost)  
  32  2:42  Probe (Chrono Boost)  
  33  2:49  Probe (Chrono Boost)  
  33  2:50  Twilight Council  
  34  2:54  Probe (Chrono Boost)  
  34  2:56  Adept  
  37  3:01  Probe (Chrono Boost)  
  39  3:06  Probe (Chrono Boost)  
  40  3:13  Probe (Chrono Boost), Robotics Facility  
  40  3:18  Probe (Chrono Boost)  
  41  3:25  Probe (Chrono Boost)  
  42  3:30  Probe (Chrono Boost), Pylon  
  42  3:31  Dark Shrine  
  43  3:36  Shield Battery  
  43  3:37  Probe (Chrono Boost)  
  45  3:42  Probe (Chrono Boost)  
  45  3:44  Gateway  
  45  3:47  Gateway  
  45  3:48  Warp Prism  
  45  3:51  Probe (Chrono Boost)  
  45  3:53  Assimilator  
  47  3:56  Probe (Chrono Boost)  
  47  3:57  Assimilator  
  47  4:02  Charge  
  48  4:03  Probe (Chrono Boost)  
  48  4:09  Pylon  
  51  4:11  Probe (Chrono Boost)  
  51  4:16  Probe (Chrono Boost)  
  52  4:20  Warp Prism  
  52  4:25  Pylon  
  52  4:31  Probe (Chrono Boost)  
  55  4:48  Dark Templar x4  
  59  4:52  Archon  
  59  4:53  Archon  
  59  4:54  Pylon  
  59  5:11  Observer  
  59  5:12  Gateway  
  59  5:13  Gateway  
  60  5:15  Gateway  
  60  5:23  Dark Templar x2  
  60  5:24  Zealot x2  
  60  5:26  Pylon  
  60  5:28  Probe x2 (Chrono Boost)  
  70  5:32  Immortal  
  70  5:40  Probe (Chrono Boost)  
  73  5:50  Zealot x2  
  73  5:56  Pylon  
  77  5:57  Adept x2  
  77  6:02  Immortal, Probe (Chrono Boost)  
  82  6:07  Archon  
  86  6:20  Nexus  
  86  6:21  Dark Templar  
  86  6:24  Pylon  
  88  6:26  Immortal  
  88  6:30  Dark Templar  
  88  6:31  Sentry x2  
  94  6:33  Pylon  
  94  6:35  Archon  
  94  6:45  Sentry  
  100  6:53  Shield Battery  
  100  6:57  Shield Battery  
  100  7:00  Shield Battery, Pylon  
  100  7:02  Immortal  
  100  7:03  Zealot  
  104  7:14  Zealot x3  
  110  7:16  Pylon  
  108  7:33  Probe x2 (Chrono Boost)  
  108  7:35  Dark Templar x3  
  112  7:39  Archon  
  112  7:40  Dark Templar  
  115  7:44  Shield Battery  
  115  7:45  Probe (Chrono Boost)  
  115  7:46  Archon  
  115  7:48  Forge, Probe (Chrono Boost)  
  116  7:52  Protoss Ground Weapons Level 1  
  116  7:53  Probe (Chrono Boost)  
  116  7:57  Zealot x3, Probe (Chrono Boost)  
  120  8:08  Pylon  
  120  8:09  Zealot  
  120  8:10  Zealot x2  
  124  8:16  Zealot  
  122  8:23  Photon Cannon  
  122  8:31  Zealot x4  
  130  8:40  Zealot x3  
  116  8:51  Zealot x3  
  108  8:59  Zealot  
  108  9:02  Zealot  
  104  9:07  Probe x2 (Chrono Boost)  
  104  9:13  Probe (Chrono Boost)  
  105  9:17  Templar Archives  
  105  9:21  Photon Cannon  
  105  9:32  Zealot, Sentry x2  
  105  9:33  Zealot  
  105  9:36  Pylon  
  105  9:37  Zealot  
  115  9:46  Protoss Ground Weapons Level 2  
  115  9:54  High Templar x4  
  115  9:57  Immortal  
  115  9:58  Archon x2  
  125  10:10  Probe x3 (Chrono Boost)  
  120  10:20  Immortal  
  116  10:25  Zealot x3  
  120  10:36  Photon Cannon  
  120  10:38  Pylon  
  124  10:43  Immortal  
  122  10:51  High Templar x2, Zealot  
  122  10:52  Zealot x4  
  122  10:54  Assimilator  
  122  10:56  Archon  
  136  10:58  Assimilator  
  136  11:01  Photon Cannon  
  136  11:02  Pylon  
  140  11:07  Probe (Chrono Boost)  
  141  11:12  High Templar x2  
  141  11:13  Zealot x3  
  141  11:16  Pylon  
  141  11:17  Archon  
  151  11:19  Photon Cannon, Immortal  
  151  11:20  Shield Battery  
  153  11:36  Zealot x4  
  153  11:37  Zealot  
  161  11:45  High Templar x2  
  165  11:49  Archon  
  165  11:51  Immortal  
  158  11:59  Zealot  
  158  12:00  Zealot x3  
  136  12:05  Zealot  
  100  12:22  Zealot x4  
  102  12:29  Nexus  
  106  12:31  Zealot x2, Immortal, Pylon  
  106  12:32  Zealot  
  106  12:36  Pylon  
  110  12:48  Sentry x3  
  110  12:50  Sentry  
  110  12:53  Dark Templar  
  110  12:56  Protoss Ground Weapons Level 3  
  112  12:59  Immortal  
  112  13:00  Shield Battery  
  112  13:02  Zealot, Shield Battery  
  112  13:04  Shield Battery  
  116  13:18  Zealot  
  118  13:23  High Templar x4  
  126  13:27  Archon x2  
  126  13:28  Stalker  
  126  13:30  Observer  
  126  13:32  Probe x2 (Chrono Boost)  
  126  13:33  Probe (Chrono Boost)  
  131  13:38  Probe x2 (Chrono Boost)  
  131  13:40  Probe (Chrono Boost)  
  133  13:43  Probe (Chrono Boost)  
  134  13:49  Zealot x2  
  134  13:52  Immortal  
  134  14:04  Zealot  
  134  14:05  Zealot x3  
  128  14:22  Zealot x3  
  128  14:24  Observer  
  114  14:27  Immortal  
  104  14:35  Zealot x4  
  108  14:51  High Templar x2  
  110  14:53  Immortal  
  110  14:54  Gateway  
  110  14:56  Archon  
  110  14:58  High Templar x4  
  118  15:02  Archon x2  
  122  15:19  Photon Cannon  
  122  15:20  Photon Cannon  
  122  15:22  Photon Cannon  
  122  15:25  Pylon  
  122  15:27  High Templar x2  
  126  15:29  Immortal  
  126  15:30  Archon  
  126  15:31  Zealot x2  
  126  15:32  Zealot x3  
  138  15:52  Dark Templar x3  
  138  15:53  Zealot x2  
  138  15:55  Psionic Storm  
  144  16:01  Zealot  
  138  16:05  Zealot  
  138  16:08  Immortal  
  136  16:25  High Templar  
  132  16:26  Zealot x2  
  136  16:36  High Templar  
  133  16:48  Immortal  
  133  16:53  Nexus  
  136  16:56  High Templar  
  138  17:04  Pylon  
  138  17:09  High Templar  
  138  17:13  Photon Cannon, Zealot x2  
  138  17:15  Pylon  
  144  17:20  High Templar  
  146  17:24  Photon Cannon  
  144  17:32  Observer  
  145  17:39  Zealot x3  
  145  17:48  Zealot  
  143  17:54  Zealot  
  111  18:15  High Templar x3  
  104  18:24  Archon  
  104  18:28  Zealot x4  
  113  18:34  Probe (Chrono Boost)  
  113  18:35  Observer, Probe x2 (Chrono Boost)  
  113  18:40  High Templar  
  115  18:47  Dark Templar  
  116  18:49  Zealot  
  82  19:24  Zealot x3  
  82  19:25  Zealot x3  
  76  19:33  Archon  
Show
View Real Time Build Order
Export as new Build Order

AxImpact Zerg - Winner!

Build Orders: Hatch First, Lurkers 

Get SALT Encoding   

  12  0:00  Drone  
  13  0:13  Overlord  
  13  0:18  Drone  
  14  0:32  Drone x2  
  16  0:36  Drone  
  17  0:52  Hatchery  
  17  0:55  Drone  
  17  1:00  Drone  
  18  1:09  Extractor  
  17  1:14  Spawning Pool  
  17  1:17  Drone  
  17  1:21  Drone  
  18  1:29  Drone  
  19  1:41  Drone  
  20  1:51  Drone  
  21  1:55  Hatchery  
  20  2:01  Drone  
  20  2:03  Zergling x2  
  22  2:08  Metabolic Boost  
  22  2:12  Drone  
  22  2:14  Drone  
  24  2:22  Queen  
  24  2:28  Overlord  
  26  2:33  Drone  
  26  2:34  Drone  
  28  2:45  Queen  
  28  2:47  Zergling x6  
  33  2:54  Zergling x2  
  33  2:58  Zergling x2  
  35  3:05  Zergling x2  
  36  3:06  Queen  
  36  3:09  Drone x2  
  39  3:17  Overlord  
  39  3:18  Drone  
  40  3:22  Drone  
  41  3:29  Overlord  
  41  3:36  Drone x5  
  41  3:37  Drone  
  41  3:40  Drone  
  48  3:45  Lair  
  48  3:48  Roach Warren, Drone x2  
  48  3:51  Drone  
  48  3:53  Drone  
  48  3:54  Drone  
  52  3:57  Overlord  
  52  3:58  Drone  
  53  4:03  Extractor x2, Drone x2  
  53  4:08  Drone  
  54  4:11  Extractor  
  54  4:12  Drone  
  54  4:13  Drone  
  56  4:17  Overlord, Drone  
  56  4:18  Overlord  
  56  4:27  Roach x2  
  56  4:28  Roach x2  
  64  4:32  Spore Crawler, Drone  
  64  4:36  Roach  
  64  4:37  Roach, Drone  
  64  4:38  Drone  
  70  4:39  Drone  
  70  4:41  Drone  
  70  4:43  Drone  
  73  4:47  Overlord  
  73  4:49  Overseer  
  73  4:50  Glial Reconstitution  
  72  4:53  Roach  
  72  4:57  Drone x2  
  72  4:59  Ravager  
  77  5:02  Roach  
  77  5:05  Drone  
  77  5:06  Drone  
  81  5:08  Roach x2  
  81  5:10  Roach  
  81  5:13  Overlord  
  87  5:15  Overlord  
  87  5:18  Roach  
  87  5:21  Overseer  
  89  5:22  Overlord  
  89  5:31  Overseer  
  88  5:36  Roach  
  88  5:37  Roach x4  
  94  5:45  Roach  
  94  5:46  Roach  
  94  5:48  Drone x2  
  100  5:51  Overlord  
  100  5:52  Overlord  
  100  5:54  Roach  
  100  5:56  Roach  
  104  5:59  Drone  
  104  6:01  Roach, Evolution Chamber  
  104  6:02  Overlord  
  105  6:05  Overlord  
  105  6:10  Roach  
  105  6:11  Roach  
  108  6:13  Roach x2  
  108  6:15  Roach  
  114  6:19  Roach  
  114  6:20  Roach  
  118  6:26  Roach x2  
  118  6:28  Overlord  
  118  6:29  Zerg Missile Weapons Level 1  
  118  6:32  Roach  
  123  6:37  Roach x2  
  123  6:39  Roach  
  129  6:40  Overlord  
  129  6:41  Overlord  
  129  6:46  Zergling x6  
  132  6:49  Zergling x4  
  132  6:51  Ravager  
  132  6:52  Zergling x2  
  132  6:53  Ravager  
  136  6:54  Zergling x2  
  136  6:55  Zergling x4  
  136  6:58  Zergling x2  
  140  7:01  Zergling x2  
  140  7:04  Roach, Ravager  
  144  7:11  Roach  
  144  7:14  Roach x2  
  144  7:20  Roach  
  144  7:22  Overlord x2  
  146  7:23  Roach  
  146  7:24  Roach, Extractor  
  146  7:25  Roach  
  146  7:26  Overlord  
  146  7:28  Overlord x2  
  150  7:32  Roach  
  152  7:37  Roach  
  152  7:40  Overlord  
  152  7:42  Overseer  
  152  7:43  Roach  
  156  7:45  Ravager  
  156  7:46  Zergling x2  
  156  7:49  Ravager, Zergling x2  
  160  7:52  Zergling x4  
  160  7:55  Roach x2  
  165  8:02  Roach  
  165  8:03  Roach  
  148  8:08  Roach x2  
  148  8:12  Roach x3  
  156  8:20  Drone x5  
  156  8:21  Hydralisk Den  
  156  8:25  Drone x3  
  162  8:27  Extractor, Drone  
  162  8:32  Drone x2  
  152  8:48  Drone x6  
  152  8:49  Drone x2  
  125  8:59  Hydralisk x3  
  119  9:03  Drone  
  119  9:08  Muscular Augments  
  120  9:10  Hydralisk x2  
  120  9:12  Hydralisk  
  120  9:16  Hydralisk  
  122  9:17  Hydralisk  
  122  9:20  Hydralisk  
  122  9:22  Ravager x3  
  131  9:25  Hydralisk  
  131  9:27  Zergling x2  
  131  9:29  Zergling x2  
  131  9:30  Hydralisk  
  137  9:33  Roach  
  137  9:35  Roach  
  137  9:36  Ravager  
  137  9:37  Zergling x4  
  143  9:40  Roach  
  143  9:41  Roach  
  143  9:44  Roach  
  149  9:46  Roach  
  149  9:51  Roach x2  
  157  9:53  Roach  
  157  9:55  Roach  
  157  9:57  Overlord  
  157  9:59  Roach  
  161  10:01  Roach  
  161  10:02  Hydralisk  
  161  10:05  Hydralisk  
  162  10:09  Extractor  
  162  10:11  Hydralisk  
  162  10:12  Hydralisk  
  159  10:15  Roach  
  159  10:17  Roach x2  
  165  10:21  Roach  
  165  10:24  Roach x2  
  165  10:27  Drone x2  
  170  10:29  Roach  
  170  10:34  Drone x2  
  173  10:35  Lurker Den  
  173  10:36  Drone  
  173  10:42  Overlord  
  173  10:44  Zerg Missile Weapons Level 2  
  173  10:51  Hydralisk x2  
  173  10:54  Hydralisk  
  179  10:58  Hydralisk  
  179  11:00  Overlord  
  181  11:07  Hatchery  
  181  11:09  Roach  
  182  11:11  Hydralisk  
  182  11:14  Hydralisk  
  182  11:17  Roach  
  188  11:20  Roach, Drone  
  188  11:23  Roach  
  197  11:25  Roach x2  
  197  11:31  Roach  
  187  11:56  Hydralisk x7  
  187  11:57  Roach x5  
  187  12:00  Hydralisk  
  173  12:03  Roach  
  144  12:11  Roach x4  
  144  12:14  Roach  
  142  12:16  Hydralisk  
  142  12:20  Drone x3  
  142  12:22  Drone  
  144  12:26  Hydralisk  
  146  12:30  Roach x2  
  146  12:32  Roach  
  152  12:50  Hatchery  
  152  12:51  Lurker x5  
  152  12:52  Lurker x2  
  152  12:55  Lurker  
  152  12:58  Roach x2  
  162  13:02  Hydralisk  
  162  13:03  Hydralisk  
  168  13:05  Roach  
  168  13:09  Roach  
  168  13:10  Roach  
  172  13:13  Roach  
  172  13:17  Roach  
  172  13:19  Hydralisk  
  176  13:21  Hydralisk  
  176  13:24  Hydralisk  
  182  13:27  Hydralisk  
  182  13:31  Hydralisk  
  180  13:34  Hydralisk  
  180  13:37  Hydralisk  
  180  13:40  Hydralisk  
  186  13:44  Hydralisk  
  186  13:47  Hydralisk  
  177  13:55  Hydralisk  
  177  13:56  Hydralisk  
  177  14:00  Hydralisk  
  177  14:01  Hydralisk  
  170  14:04  Hydralisk  
  166  14:10  Hydralisk x2  
  166  14:11  Zergling x2  
  166  14:13  Roach  
  166  14:15  Roach  
  164  14:20  Roach  
  164  14:21  Roach  
  149  14:24  Roach  
  149  14:25  Roach x2  
  149  14:27  Overseer  
  149  14:29  Roach  
  149  14:30  Roach  
  147  14:33  Roach  
  147  14:34  Roach  
  147  14:36  Roach x2  
  150  14:39  Roach  
  150  14:40  Hydralisk  
  150  14:43  Hydralisk  
  154  14:46  Hydralisk  
  154  14:47  Hydralisk  
  158  14:53  Hydralisk  
  158  14:54  Hydralisk  
  158  14:58  Lurker  
  158  14:59  Lurker  
  164  15:02  Roach  
  164  15:03  Roach  
  168  15:07  Drone  
  168  15:08  Spine Crawler, Spore Crawler, Drone  
  168  15:10  Hydralisk x2  
  174  15:14  Roach x2  
  174  15:17  Roach  
  174  15:19  Roach  
  180  15:21  Roach  
  180  15:23  Hydralisk  
  180  15:26  Hydralisk, Drone  
  187  15:29  Hydralisk  
  187  15:32  Hydralisk  
  187  15:35  Hydralisk  
  190  15:39  Hydralisk  
  190  15:42  Ravager  
  192  15:56  Hatchery  
  174  16:03  Roach x5  
  182  16:09  Roach x2  
  180  16:22  Hydralisk x3  
  184  16:34  Hatchery  
  184  16:35  Hydralisk  
  184  16:39  Hydralisk  
  187  16:44  Hydralisk  
  189  16:48  Hydralisk  
  189  16:53  Hydralisk  
  193  16:56  Overlord  
  193  17:00  Overlord  
  193  17:12  Lurker  
  193  17:13  Lurker x3  
  193  17:14  Hydralisk  
  199  17:19  Overseer  
  199  17:24  Extractor, Spore Crawler  
  199  17:25  Spine Crawler, Drone x2  
  199  17:26  Extractor, Spine Crawler  
  199  17:28  Drone  
  199  17:29  Drone  
  194  17:30  Drone  
  194  17:31  Hydralisk, Drone  
  196  17:41  Hydralisk x3  
  189  17:49  Hydralisk x3  
  184  18:00  Hydralisk  
  172  18:06  Roach x3  
  172  18:11  Roach  
  160  18:19  Roach x3  
  156  18:22  Drone  
  156  18:23  Drone x6  
  156  18:24  Extractor  
  156  18:26  Extractor  
  161  18:30  Roach x3  
  161  18:33  Roach  
  169  18:36  Zergling x12  
  169  18:37  Hatchery  
  169  18:41  Roach x2  
  178  18:43  Roach  
  178  18:46  Roach  
  182  18:52  Drone  
  182  18:53  Drone x4  
  185  19:00  Hydralisk x3  
  187  19:04  Overseer  
  187  19:07  Roach  
  181  19:17  Roach x4  
Tags
 
Add a new tag
Caveats
  • Supply blocks, unpowered buildings, or Contaminate may cause inaccurate times.
  • Supply counts are checked every 10 seconds.